 Dungeon Crawl Stone Soup version 0.28-a0-1510-gd0f6b136d3 (webtiles) character file.

Game seed: 15445407859620909892

47 siradein the Magician (level 3, 0/27 HPs)
             Began as a Djinni Ice Elementalist on Jan 14, 2022.
             Slain by a gnoll (6 damage)
             ... on level 1 of the Dungeon.
             The game lasted 00:03:23 (2053 turns).

siradein the Magician (Djinni Ice Elementalist)     Turns: 2053, Time: 00:03:24

Health: 0/27       AC:  2    Str:  7    XL:     3   Next: 97%
Gold:   48         EV: 12    Int: 18    God:
                   SH:  0    Dex: 13

rFire   + + .      SeeInvis .   (no weapon)
rCold   x . .      Faith    .   (no shield)
rNeg    . . .      Spirit   .   a - +0 robe
rPois   ∞          Reflect  .   (no helmet)
rElec   .          Harm     .   (no cloak)
rCorr   .          Rampage  .   (no gloves)
Will    .....                   (boots unavailable)
Stlth   ++........              (no amulet)
HPRegen 0.09/turn               (no ring)
MPRegen 0.00/turn               (no ring)

@: flying, very slightly contaminated
A: sickness immunity, fire resistance 2, cold vulnerability 1, float, innate
caster, hp casting, extra vitality 1
a: no special abilities


You were on level 1 of the Dungeon.
You visited 1 branch of the dungeon, and saw 2 of its levels.

You collected 48 gold pieces.

Inventory:

Armour
 a - a +0 robe (worn)
Jewellery
 c - the ring "Qakhluc" {rF+ rN++ rCorr Str-4}
   (You found it on level 2 of the Dungeon)

   [ring of protection from fire]

   Str:       It affects your strength (-4).
   rF:        It protects you from fire.
   rN:        It greatly protects you from negative energy.
   rCorr:     It protects you from acid and corrosion.
Potions
 b - a potion of berserk rage {unknown}
 d - a potion of curing {unknown}


   Skills:
 + Level 1.4 Fighting
 + Level 2.8 Dodging
 - Level 1.5 Stealth
 * Level 3.7 Spellcasting


You couldn't memorise any spells.
You knew the following spells:

 Your Spells              Type           Power      Damage    Failure   Level
a - Freeze                Ice            68%        1d8       3%          1
b - Frozen Ramparts       Ice            34%        1d5       10%         3
c - Ozocubu's Armour      Ice            17%        N/A       10%         3
d - Hailstorm             Conj/Ice       17%        3d6       32%         4
e - Pain                  Necr           68%        1d7       3%          1
Your spell library was empty.

Dungeon Overview and Level Annotations

Branches:
Dungeon (2/15)

Altars:

Annotations:
D:1 1 runed translucent door


Innate Abilities, Weirdness & Mutations

You are immune to sickness and miasma.
You are immune to poison.
Your flesh is very heat resistant. (rF++)
You are vulnerable to cold. (rC-)
You float through the air rather than walking.
You learn spells naturally, not from books.
Your magical power is your life essence.
You have superior vitality. (+4 MHP)


Message History

You are very lightly contaminated with residual magic.
Nothing appears to happen.
The gnoll hits you with a +0 flail.
You freeze the gnoll.
The gnoll is lightly wounded.
The gnoll hits you with a +0 flail!
You are too injured to fight recklessly!
You are too injured to fight recklessly!
You are too injured to fight recklessly!
Your magical contamination has completely faded away.
There is a stone staircase leading down here.
The gnoll hits you with a +0 flail!
* * * LOW HITPOINT WARNING * * *
There is a stone staircase leading down here.
There is an escape hatch in the floor here.
There is a stone staircase leading up here.
The gnoll barely misses you.
You fly upwards.
Level annotation: 1 runed translucent door
There is a stone staircase leading down here.
Casting: Freeze (safe; 3% risk of failure)
Confirm with . or Enter, or press ? or * to list all spells.
Aiming: Freeze (safe; 3% risk of failure)
Press: ? - help, Shift-Dir - straight line, f - gnoll
Aim: a gnoll, wielding a +0 flail You miscast Freeze.
You are very lightly contaminated with residual magic.
Nothing appears to happen.
* * * LOW HITPOINT WARNING * * *
The gnoll hits you with a +0 flail.
* * * LOW HITPOINT WARNING * * *
Casting: Freeze (safe; 3% risk of failure)
Confirm with . or Enter, or press ? or * to list all spells.
Aiming: Freeze (safe; 3% risk of failure)
Press: ? - help, Shift-Dir - straight line, f/p - gnoll
Aim: a gnoll, wielding a +0 flail You freeze the gnoll.
The gnoll is lightly wounded.
* * * LOW HITPOINT WARNING * * *
The gnoll hits you with a +0 flail.
You die...

#.............#...............#
+.............#...............#
#.............##..............#
#........................)....#
#.............#####...........###
#.............#.................#
#.............#.................#
#....)..........................#
....>..........g@...............#
......####.................######
......# #.................#
......####.........#######.#
...........................#
##........###############..#
##........#...wJ........#..#
##........#Jww.h.rJ.....#..#
..........#hJhBJBrB.BJ..#..#


You could see a gnoll.

Vanquished Creatures
  An adder (D:2)
  A dart slug (D:1)
  6 bats
  2 endoplasms
  A giant cockroach (D:2)
  5 goblins
  2 hobgoblins (D:1)
  3 kobolds (D:1)
  4 quokkas (D:1)
  2 ball pythons (D:1)
  2 frilled lizards (D:1)
  2 rats (D:1)
31 creatures vanquished.

Notes
Turn   | Place    | Note
-------+----------+-------------------------------------------
     0 | D:1      | siradein the Djinni Ice Elementalist began the quest for
                  | the Orb.
     0 | D:1      | Reached XP level 1. HP: 15/15 MP: 0/0
     1 | D:1      | Found a runed translucent door.
   119 | D:1      | Reached XP level 2. HP: 17/22 MP: 0/0
   801 | D:1      | Reached skill level 1 in Fighting
   835 | D:1      | Reached XP level 3. HP: 25/27 MP: 0/0
   835 | D:1      | Learned a level 1 spell: Pain
  1763 | D:2      | Identified the ring "Qakhluc" {rF+ rN++ rCorr Str-4}
  1926 | D:2      | Found a faded altar of an unknown god.
  2053 | D:1      | Slain by a gnoll

Illustrated notes

Levels and vault maps discovered:
D:1:      dpeg_arrival_caged_fury, layout_basic, chequers_serial_rivers_small_a
D:2:      layout_basic, hellmonk_ecumenical_altar_inner_sanctum

Skill      XL: |  1  2 |
---------------+-------+-----
Fighting       | 1 |  1.4
Dodging        | |  2.8
Stealth        | |  1.5
Spellcasting   | |  3.7

Action                   || total
-------------------------++-------
Melee: Unarmed           ||     5
 Cast: Freeze            ||    48
Armor: Robe              ||    11
Dodge: Dodged            ||    22

Table legend: (Time is in decaauts)
 A = Elapsed time spent in this place.
 B = Non-inter-level travel time spent in this place.
 C = Inter-level travel time spent in this place.
 D = Time resting spent in this place.
 E = Time spent auto-exploring this place.
 F = Levels seen in this place.
 G = Mean time per level.
                   A        B        C        D        E       F      G
               +--------+--------+--------+--------+--------+-----+--------+
         Total |   2053 |   2033 |     20 |      0 |   1750 |   2 | 1026.5 |
       Dungeon |   2053 |   2033 |     20 |      0 |   1750 |   2 | 1026.5 |
               +--------+--------+--------+--------+--------+-----+--------+

Top non-repeatable levels by time:
     D:1: 1652 daAuts
     D:2: 400 daAuts
